 Dungeon Crawl Stone Soup version 0.30-a0-568-g124715a40b (webtiles) character file.

Game seed: 2246741908558368072

5306 bande the Cleaver (level 10, -3/61 HPs)
             Began as a Gargoyle Fighter on Dec 29, 2022.
             Was a High Priest of Okawaru.
             Shot with an arrow by a centaur warrior (12 damage)
             ... on level 9 of the Dungeon.
             The game lasted 00:15:30 (8501 turns).

bande the Cleaver (Gargoyle Fighter)                Turns: 8501, Time: 00:15:31

Health: -3/61      AC: 20    Str: 20    XL:     10   Next: 64%
Magic:  14/14      EV:  6    Int:  9    God:    Okawaru [*****.]
Gold:   1035       SH:  6    Dex: 13    Spells: 9/9 levels left

rFire   . . .      SeeInvis .    x - +1 broad axe (flame)
rCold   . . .      Faith    .    c - +1 buckler
rNeg    + . .      Spirit   .    t - +0 plate armour
rPois   ∞          Reflect  .    (no helmet)
rElec   +          Harm     .    (no cloak)
rCorr   .          Rampage  .    (no gloves)
Will    .....      Clarity  +    (no boots) Stlth
                                 (no amulet)
HPRegen 0.30/turn                (no ring)
MPRegen 0.14/turn                (no ring)

@: no status effects
A: sickness immunity, AC +7, negative energy resistance 1, electricity
resistance, torment resistance 1, petrification resistance, clarity
a: Renounce Religion, Heroism, Finesse, Duel


You were on level 9 of the Dungeon.
You worshipped Okawaru.
Okawaru was extremely pleased with you.
You visited 1 branch of the dungeon, and saw 9 of its levels.

You collected 1158 gold pieces.
You spent 123 gold pieces at shops.

Inventory:

Hand Weapons
 q - a +0 war axe
 x - a +1 broad axe of flaming (weapon)
Armour
 c - a +1 buckler (worn)
 t - a +0 plate armour (worn)
Jewellery
 p - a ring of positive energy
Wands
 b - a wand of flame (18)
 j - a wand of acid (7)
Scrolls
 a - a scroll of vulnerability {unknown}
 e - 3 scrolls of identify
 f - 2 scrolls of amnesia
 k - 4 scrolls of teleportation
 u - a scroll of poison
Potions
 d - a potion of might
 g - 2 potions of heal wounds
 h - 4 potions of invisibility
 i - 3 potions of flight
 l - a potion of mutation
 r - a potion of berserk rage
 v - a potion of resistance


   Skills:
 + Level 6.9 Fighting
 + Level 9.2 Axes
 + Level 7.2 Armour
 - Level 0.1 Dodging
 + Level 5.9 Shields
 * Level 6.2 Invocations
 * Level 4.3 Evocations


You had 9 spell levels left.
You didn't know any spells.
Your spell library contained the following spells:

 Spells                   Type           Power      Damage    Failure   Level
 Portal Projectile        Hex/Tloc       0%         N/A       100%        3
 Anguish                  Hex/Necr       0%         N/A       100%        4
 Leda's Liquefaction      Hex/Erth       0%         N/A       100%        4
 Enfeeble                 Hex            0%         N/A       100%        7
 Orb of Destruction       Conj           0%         9d5       100%        7
 Call Canine Familiar     Summ           Unusable   N/A       N/A         3
 Summon Guardian Golem    Hex/Summ       Unusable   N/A       N/A         3
 Spellforged Servitor     Conj/Summ      Unusable   N/A       N/A         7

Dungeon Overview and Level Annotations

Branches:
Dungeon (9/15)             Temple (0/1) D:4
   Lair: D:8-11         Orc: D:9-12

Altars:
Elyvilon
Okawaru
Trog
Wu Jian

Shops:
D:3 :   D:8 :**?(

Annotations:
D:9 Prince Ribbit


Innate Abilities, Weirdness & Mutations

You are immune to sickness and miasma.
Your stone body is resilient. (AC +7)
You are immune to poison.
You resist negative energy. (rN+)
You are resistant to electric shocks. (rElec)
You are resistant to unholy torment.
You are immune to petrification.
You possess an exceptional clarity of mind.


Message History

The centaur shoots an arrow.
The arrow hits you.
The centaur warrior hits you but does no damage.
The centaur warrior kicks you but does no damage.
You slash the centaur warrior! You burn the centaur warrior.
The centaur warrior is heavily wounded.
The centaur shoots an arrow.
The arrow hits you!
The centaur warrior hits you but does no damage.
The centaur warrior kicks you but does no damage.
The centaur shoots an arrow.
The arrow hits you!
The centaur warrior hits you but does no damage.
The centaur warrior kicks you but does no damage.
You are too injured to fight recklessly!
You are too injured to fight recklessly!
You are too injured to fight recklessly!
You are too injured to fight recklessly!
You are too injured to fight recklessly!
You are too injured to fight recklessly!
You are too injured to fight recklessly!
You are too injured to fight recklessly!
You are too injured to fight recklessly!
You are too injured to fight recklessly!
You are too injured to fight recklessly!
The centaur warrior attacks as you move away!
You block the centaur warrior's attack. The centaur warrior kicks you.
The centaur shoots an arrow.
The arrow hits you!
* * * LOW HITPOINT WARNING * * *
The centaur warrior wields a +0 shortbow.
The centaur warrior shoots an arrow.
The arrow hits you!
* * * LOW HITPOINT WARNING * * *
The centaur shoots an arrow.
The arrow hits you but does no damage.
You feel much better.
The centaur warrior shoots an arrow.
The arrow hits you.
* * * LOW HITPOINT WARNING * * *
The centaur shoots an arrow.
You block the arrow.
The centaur warrior shoots an arrow.
The arrow barely misses you.
The centaur shoots an arrow.
You block the arrow.
The centaur warrior shoots an arrow.
You block the arrow.
The centaur warrior shoots an arrow.
The arrow hits you.
* * * LOW HITPOINT WARNING * * *
The centaur warrior shoots an arrow.
The arrow hits you!
You die...

##...#...##
##.........##
#...........#
#...........#
#...........# ###
#.........######.#
###...........)...#
#.............)).##
..##.##@#######..#
# #........#..#
#.######.#.#####
#.# #.....# #c#
#.#...# #F# #.#.###
#c'QF..# #)#.#
#K###### #.#.# #..
#.#.###


You could see a centaur warrior, Prince Ribbit, a kobold brigand and a centaur.

Vanquished Creatures
  Erica (D:8)
  Pikel (D:4)
  Joseph (D:8)
  Sigmund (D:3)
  2 yaks
  A wyvern (D:9)
  3 hogs (D:8)
  A human (D:8)
  A sky beast (D:7)
  A black bear (D:6)
  2 ice beasts
  4 centaurs
  2 ogres
  A lemure (D:4)
  5 bullfrogs
  3 scorpions
  3 wights (D:7)
  9 killer bees
  2 electric eels (D:8)
  5 howler monkeys
  5 hounds
  An orc priest (D:5)
  4 iguanas
  4 gnolls (D:3)
  9 adders
  A shadow imp (D:5)
  3 white imps
  2 ufetubi
  2 worms
  3 dart slugs
  9 orcs
  9 bats
  14 endoplasms
  6 giant cockroaches
  8 hobgoblins
  6 jackals
  5 quokkas
  3 ball pythons
  4 frilled lizards
  12 goblins
  7 kobolds
  9 rats
175 creatures vanquished.

Notes
Turn   | Place    | Note
-------+----------+-------------------------------------------
     0 | D:1      | bande the Gargoyle Fighter began the quest for the Orb.
     0 | D:1      | Reached XP level 1. HP: 14/14 MP: 1/1
   106 | D:1      | Reached XP level 2. HP: 15/19 MP: 2/2
   151 | D:1      | Reached skill level 2 in Axes
   256 | D:1      | Reached XP level 3. HP: 22/23 MP: 3/3
   609 | D:2      | Reached skill level 3 in Axes
   609 | D:2      | Reached XP level 4. HP: 29/29 MP: 4/4
   783 | D:2      | Found a faded altar of an unknown god.
  1218 | D:3      | Identified the +5 hand axe of Ydeocuqiwn {protect, rElec
                  | rF+++ Str+3 Dex-2}
  1257 | D:3      | Reached XP level 5. HP: 30/33 MP: 5/5
  1296 | D:3      | Noticed Sigmund
  1305 | D:3      | Killed Sigmund
  1306 | D:3      | Reached skill level 4 in Axes
  1306 | D:3      | Reached XP level 6. HP: 38/38 MP: 6/6
  1357 | D:3      | Found an iron altar of Okawaru.
  1389 | D:3      | Became a worshipper of Warmaster Okawaru
  1605 | D:3      | Found Xugerur's Book Shop.
  2032 | D:4      | Found a staircase to the Ecumenical Temple.
  2082 | D:4      | Reached skill level 1 in Invocations
  2411 | D:4      | Reached skill level 5 in Axes
  2411 | D:4      | Reached XP level 7. HP: 44/44 MP: 6/8
  2481 | D:4      | Noticed Pikel
  2502 | D:4      | Killed Pikel
  2502 | D:4      | Reached * piety under Okawaru
  2502 | D:4      | Reached ** piety under Okawaru
  2503 | D:4      | Reached skill level 5 in Fighting
  2503 | D:4      | Reached skill level 6 in Axes
  2503 | D:4      | Reached XP level 8. HP: 34/49 MP: 8/10
  2911 | D:5      | Entered Level 5 of the Dungeon
  3101 | D:5      | Reached skill level 5 in Armour
  3101 | D:5      | Reached skill level 1 in Evocations
  3535 | D:5      | Gained mutation: You have an increased reservoir of magic.
                  | (+10% MP) [potion of mutation]
  3535 | D:5      | Gained mutation: You possess an exceptional clarity of
                  | mind. [potion of mutation]
  3535 | D:5      | Lost mutation: You have an increased reservoir of magic.
                  | (+10% MP) [potion of mutation]
  3630 | D:5      | Identified a scroll of acquirement
  3630 | D:5      | Acquired 607 gold pieces
  3875 | D:6      | Reached skill level 7 in Axes
  4018 | D:6      | Reached XP level 9. HP: 54/54 MP: 10/12
  4025 | D:6      | Reached *** piety under Okawaru
  4041 | D:6      | Found a white marble altar of Elyvilon.
  4192 | D:6      | Reached skill level 5 in Shields
  4516 | D:6      | Found an ornate altar of the Wu Jian Council.
  4524 | D:6      | Noticed a spectral centipede
  5141 | D:7      | Found a bloodstained altar of Trog.
  5409 | D:7      | Reached skill level 8 in Axes
  5670 | D:8      | Found Nuamaecett's Book Shop.
  5745 | D:8      | Found Zushroeng's Demolitions Depot.
  5754 | D:8      | Found Duntum's Assorted Antiques.
  5799 | D:8      | Noticed Joseph
  5805 | D:8      | Reached skill level 5 in Invocations
  6509 | D:7      | Reached **** piety under Okawaru
  6639 | D:7      | Reached XP level 10. HP: 51/61 MP: 12/14
  6699 | D:8      | Killed Joseph
  7103 | D:8      | Noticed Erica
  7377 | D:8      | Killed Erica
  7669 | D:8      | Found Uvoag's Magic Scroll Shoppe.
  7674 | D:8      | Bought a scroll of brand weapon for 123 gold pieces
  7733 | D:8      | Found Yretev's Weapon Emporium.
  7860 | D:8      | Reached skill level 9 in Axes
  7863 | D:8      | Reached ***** piety under Okawaru
  7876 | D:8      | Received a gift from Okawaru
  8490 | D:9      | Noticed a tengu warrior
  8490 | D:9      | Noticed a five-headed hydra
  8490 | D:9      | Noticed a centaur warrior
  8490 | D:9      | Noticed Prince Ribbit
  8496 | D:9      | HP: 1/61 [centaur warrior/arrow (10)]
  8501 | D:9      | Shot with an arrow by a centaur warrior

Illustrated notes

Levels and vault maps discovered:
D:1:      tarquinn_simple_flora_water_d, layout_rooms
D:2:      minmay_alternating_diamond, layout_basic,
          shapermc_ecumenical_altar_pompeii, minivault_11,
          minmay_strange_pillars, minmay_divided_ellipse
D:3:      layout_loops_ring, amcnicky_altar_gilded, serial_shops,
          nicolae_shop_window_shopping, uniq_sigmund
D:4:      dreamdust_elfheim, layout_gridville,
          minmay_temple_entry_drinking_statues, uniq_pikel
D:5:      layout_basic
D:6:      layout_basic, pdpol_wu_jian_five_deadly_venoms, elyvilon_altar_4
D:7:      layout_loops_corners, mainiacjoe_overflow_catwalk, chequers_avenue
D:8:      layout_cave_pods, serial_park, serial_park_square2,
          serial_park_fountain, serial_park_square1
          [serial_park_minivault_5x5_3], serial_shops, shop, shop,
          nicolae_shop_window_shopping, nicolae_diamond_shop, minivault_19,
          minivault_1, grunt_livestock, nicolae_blasting_shop, uniq_erica,
          uniq_joseph
D:9:      layout_rooms, mainiacjoe_overflow_boulevard, tso_metal_star,
          minivault_25_ag, minmay_nine_imps, uniq_prince_ribbit1

Skill      XL: |  1  2  3  4  5  6  7  8  9 10 |
---------------+-------------------------------+-----
Axes           | 2 3 4 5 6 7 8 9 |  9.2
Fighting       | 4 5 6 |  6.9
Armour         | 4 5 6 7 |  7.2
Shields        | 4 5 |  5.9
Invocations    | 1 2 4 5 6 |  6.2
Evocations     | 1 3 4 |  4.3
Dodging        | |  0.1

Action                   |  1- 3 |  4- 6 |  7- 9 | 10-12 || total
-------------------------+-------+-------+-------+-------++-------
Melee: War axe           |   101 |    85 |       |       ||   186
       Hand axe          |       |    77 |   294 |    91 ||   462
       Broad axe         |       |       |       |    11 ||    11
  Use: Scroll            |       |       |    16 |     1 ||    17
       Potion            |       |       |     1 |     3 ||     4
Armor: Scale mail        |    66 |    98 |       |       ||   164
       Plate armour      |       |     7 |   235 |    80 ||   322
Dodge: Dodged            |    59 |    89 |    97 |    31 ||   276
Block: Buckler           |    27 |    37 |    78 |    29 ||   171

Table legend: (Time is in decaauts)
 A = Elapsed time spent in this place.
 B = Non-inter-level travel time spent in this place.
 C = Inter-level travel time spent in this place.
 D = Time resting spent in this place.
 E = Time spent auto-exploring this place.
 F = Levels seen in this place.
 G = Mean time per level.
                   A        B        C        D        E       F      G
               +--------+--------+--------+--------+--------+-----+--------+
         Total |   8592 |   8432 |    160 |   2027 |   4902 |   9 |  954.7 |
       Dungeon |   8592 |   8432 |    160 |   2027 |   4902 |   9 |  954.7 |
               +--------+--------+--------+--------+--------+-----+--------+

Top non-repeatable levels by time:
     D:7: 2250 daAuts
     D:8: 1516 daAuts
     D:4: 913 daAuts
     D:5: 877 daAuts
     D:2: 854 daAuts
     D:6: 849 daAuts
     D:3: 793 daAuts
     D:1: 437 daAuts
     D:9: 99 daAuts
